 Dungeon Sprint DCSS version 0.27.0-1-g7a089689b8 (webtiles) character file.

Game seed: 3371810953295954488

615 mainiacjoe the Fighter (level 7, 0/73 HPs)
             Began as a Minotaur Fighter on Aug 16, 2021.
             Was a Follower of Okawaru.
             Slain by a vampire (4 damage)
             ... in the Dungeon (Sprint IX: "|||||||||||||||||||||||||||||").
             The game lasted 00:02:26 (236 turns).

mainiacjoe the Fighter (Minotaur Fighter)            Turns: 236, Time: 00:02:27

Health: 0/73       AC: 11    Str: 22    XL:     7   Next: 21%
Magic:  5/8        EV: 12    Int:  5    God:    Okawaru [*.....]
Gold:   0          SH: 11    Dex: 10    Spells: 6/6 levels left

rFire    . . .     SeeInvis .   m - +0 long sword
rCold    . . .     Faith    .   c - +0 kite shield
rNeg     . . .     Spirit   .   p - +2 ring mail
rPois    .         Reflect  .   (helmet restricted)
rElec    .         Harm     .   n - +0 cloak
rCorr    .         Rampage  .   o - +0 pair of gloves
Will     .....     NoTele   +   (no boots)
Stlth    ..........             (no amulet)
HPRegen  0.22/turn              q - +2 ring of evasion
MPRegen  0.11/turn              (no ring)

@: mighty
A: horns 2, retaliatory headbutt
a: Renounce Religion, Heroism


You were in the Dungeon.
You worshipped Okawaru.
Okawaru was aware of your devotion.
You visited 1 branch

Inventory:

Hand Weapons
 a - a +2 scimitar of holy wrath
 m - a +0 long sword (weapon)
Armour
 b - a +0 scale mail
 c - a +0 kite shield (worn)
 n - a +0 cloak (worn)
 o - a +0 pair of gloves (worn)
 p - a +2 ring mail (worn)
Jewellery
 q - a +2 ring of evasion (left hand)
 r - a +2 ring of evasion
Wands
 l - a wand of acid (10)
Scrolls
 j - 2 scrolls of blinking
Potions
 e - 5 potions of curing
 f - 3 potions of heal wounds
 g - a potion of haste
 h - 4 potions of magic
 i - a potion of berserk rage
 k - a potion of invisibility


   Skills:
 * Level 10.5 Fighting
 * Level 10.2 Long Blades
 + Level 8.0 Armour
 + Level 4.4 Dodging
 + Level 8.0 Shields
 + Level 3.8 Invocations


You had 6 spell levels left.
You didn't know any spells.
Your spell library was empty.

Dungeon Overview and Level Annotations

Branches:
Dungeon (1/1)

Altars:
Cheibriados
Dithmenos
Elyvilon
Fedhas
Gozag
Hepliaklqana
Kikubaaqudgha
Makhleb
Nemelex Xobeh
Okawaru
Qazlal
Ru
Sif Muna
Trog
Uskayaw
Vehumet
Wu Jian
Xom
Yredelemnul
Zin
The Shining One
Beogh
Jiyva
Lugonu


Innate Abilities, Weirdness & Mutations

You have a pair of horns on your head.
You reflexively headbutt those who attack you in melee.


Message History

You headbutt the troll!
You riposte.
You slash the troll! Your headbutt misses the troll.
The troll is severely wounded.
The troll completely misses you. The troll closely misses you.
You slash the troll!
The troll is almost dead.
The troll closely misses you. The troll claws you.
You block the troll's attack.
You closely miss the troll. You headbutt the troll.
You kill the troll!
Okawaru is honoured by your kill.
The vampire gestures wildly while chanting.
The vampire flickers and vanishes!
Deactivating autopickup; reactivate with Ctrl-A.
Your Fighting skill increases to level 10!
Your Long Blades skill increases to level 10!
Your Armour skill increases to level 8!
Your Dodging skill increases to level 4!
Your Shields skill increases to level 8!
You have reached level 7!
Okay, then.
Something hits you! Something bites you.
Something draws strength from your injuries!
There is an open door to the Dungeon, spattered with blood here.
You see here a troll corpse.
You closely miss something. Something hits you.
* * * LOW HITPOINT WARNING * * *
Something bites you but does no damage.
You completely miss something. Something hits you but does no damage.
Something bites you but does no damage.
You slash something! Something hits you.
* * * LOW HITPOINT WARNING * * *
Something bites you.
* * * LOW HITPOINT WARNING * * *
Something draws strength from your injuries!
You slash something! You block something's attack. Something bites you.
* * * LOW HITPOINT WARNING * * *
Something draws strength from your injuries!
You slash something! You headbutt something. Something hits you.
You die...

▓?▓
▓)▓
▓.▓
▓.▓
▓.▓
▓.▓
▓.▓
▓.▓
▓@▓
▓{▓
▓O▓
▓Z▓
▓.▓
▓.▓
▓.▓
▓+▓


You could see a two-headed ogre and a ball python zombie.

Vanquished Creatures
  A troll (D)
  A shadow (D)
  An acid dragon (D)
  An ice beast (D)
  A jelly (D)
  An adder (D)
  An adder zombie (D)
  A dart slug (D)
  A ball python (D)
  2 bats (D)
  A bat skeleton (D)
  A rat (D)
13 creatures vanquished.

Notes
Turn   | Place    | Note
-------+----------+-------------------------------------------
     0 | D        | mainiacjoe the Minotaur Fighter began the quest for the
                  | Orb.
     0 | D        | Reached XP level 1. HP: 19/19 MP: 0/0
    35 | D        | Noticed a jelly
    35 | D        | Noticed an ice beast
    38 | D        | Killed a jelly
    39 | D        | Reached skill level 5 in Fighting
    39 | D        | Reached XP level 2. HP: 27/29 MP: 1/1
    39 | D        | Reached XP level 3. HP: 33/36 MP: 2/2
    40 | D        | Reached skill level 5 in Long Blades
    40 | D        | Reached skill level 5 in Armour
    40 | D        | Reached skill level 5 in Shields
    47 | D        | Killed an ice beast
    48 | D        | Reached XP level 4. HP: 32/48 MP: 3/3
    48 | D        | Reached XP level 5. HP: 35/53 MP: 4/4
   155 | D        | Found a snail-covered altar of Cheibriados.
   155 | D        | Found a shadowy altar of Dithmenos.
   155 | D        | Found a white marble altar of Elyvilon.
   155 | D        | Found a blossoming altar of Fedhas.
   155 | D        | Found an opulent altar of Gozag.
   156 | D        | Found a hazy altar of Hepliaklqana.
   157 | D        | Found a viscous altar of Jiyva.
   158 | D        | Found an ancient bone altar of Kikubaaqudgha.
   159 | D        | Found a corrupted altar of Lugonu.
   160 | D        | Found a burning altar of Makhleb.
   161 | D        | Found a sparkling altar of Nemelex Xobeh.
   162 | D        | Found an iron altar of Okawaru.
   163 | D        | Found a stormy altar of Qazlal.
   164 | D        | Found a sacrificial altar of Ru.
   165 | D        | Found a shimmering blue altar of Sif Muna.
   166 | D        | Found a bloodstained altar of Trog.
   167 | D        | Found a hide-covered altar of Uskayaw.
   168 | D        | Found a radiant altar of Vehumet.
   169 | D        | Found an ornate altar of the Wu Jian Council.
   170 | D        | Became a worshipper of Warmaster Okawaru
   171 | D        | Found a shimmering altar of Xom.
   172 | D        | Found a basalt altar of Yredelemnul.
   173 | D        | Found a glowing silver altar of Zin.
   174 | D        | Found a glowing golden altar of the Shining One.
   183 | D        | Found the +4 dagger "Morg" {pain, Will+ Int+5}
   220 | D        | Noticed an acid dragon
   220 | D        | Noticed a shadow
   220 | D        | Noticed a troll
   220 | D        | Noticed a vampire
   220 | D        | Noticed a two-headed ogre
   225 | D        | Killed an acid dragon
   227 | D        | Killed a shadow
   227 | D        | Reached * piety under Okawaru
   228 | D        | Reached XP level 6. HP: 34/66 MP: 4/7
   230 | D        | Killed a troll
   231 | D        | Reached skill level 10 in Fighting
   231 | D        | Reached skill level 10 in Long Blades
   231 | D        | Reached XP level 7. HP: 35/73 MP: 4/8
   236 | D        | Slain by a vampire

Illustrated notes

Levels and vault maps discovered:
D:        linesprint [early_d, line_temple, items_1, d_10, items_2, lair_1,
          lair_end, items_3, orc_1, orc_end, items_4, d_15, swamp_1, shoals_1,
          snake_1, spider_1, d_20, vaults_1, items_5, swamp_end, shoals_end,
          snake_end, spider_end, vaults_end, d_27, items_6, zot_1, zot_end,
          crypt_end, forest_end, elf_end, slime_end, tomb_end, abyss_end,
          pan_hell_end]

Skill      XL: |  1  2  3  4  5  6 |
---------------+-------------------+-----
Fighting       | 5 7 9 10 | 10.5
Long Blades    | 4 7 9 10 | 10.2
Armour         | 4 6 7 8 |  8.0
Shields        | 4 6 7 8 |  8.0
Dodging        | 3 4 |  4.4
Invocations    | 3 |  3.8

Action                   |  1- 3 |  4- 6 |  7- 9 || total
-------------------------+-------+-------+-------++-------
Melee: Long sword        |    18 |    12 |     5 ||    35
       Headbutt          |     5 |     4 |     1 ||    10
  Use: Potion            |       |     1 |       ||     1
Armor: Scale mail        |     8 |     2 |       ||    10
       Ring mail         |       |     1 |     3 ||     4
Dodge: Dodged            |     3 |     6 |       ||     9
Block: Kite shield       |     5 |     6 |     1 ||    12
       Rpst.: Long sword |     3 |     1 |       ||     4
